 Dungeon Crawl Stone Soup version 0.21.0-3-g78d12a8 (webtiles) character file.

1636 Jatast the Spear-Bearer (level 8, -2/52 HPs)
             Began as a Merfolk Summoner on Jan 13, 2018.
             Was a Follower of Sif Muna.
             Slain by a two-headed ogre
             ... wielding a +0 giant spiked club
              (18 damage)
             ... on level 7 of the Dungeon.
             The game lasted 00:16:22 (9117 turns).

Jatast the Spear-Bearer (Merfolk Summoner)          Turns: 9117, Time: 00:16:22

Health: -2/52      AC:  9    Str:  9    XL:     8   Next: 98%
Magic:  5/14       EV: 11    Int: 16    God:    Sif Muna [*.....]
Gold:   351        SH:  0    Dex: 14    Spells: 7/16 levels left

rFire    . . .     SeeInvis .   s - +1 trident
rCold    . . .     Gourm    .   (no shield)
rNeg     . . .     Faith    .   r - +0 ring mail
rPois    .         Spirit   .   (no helmet)
rElec    .         Reflect  .   (no cloak)
rCorr    .         Harm     .   A - +1 pair of gloves
MR       .....                  e - +1 pair of boots
Stlth    +.........             (no amulet)
HPRegen  0.17/turn              (no ring)
MPRegen  0.14/turn              (no ring)

@: divine energy
A: change form in water, swift swim, stealthy swim
a: Stop Divine Energy, Renounce Religion


You were on level 7 of the Dungeon.
You worshipped Sif Muna.
Sif Muna was aware of your devotion.
You were hungry.

You visited 1 branch of the dungeon, and saw 7 of its levels.

You collected 401 gold pieces.
You spent 50 gold pieces at shops.

Inventory:

Hand Weapons
 s - a +1 trident (weapon)
Armour
 e - a +1 pair of boots (worn)
 r - a +0 ring mail (worn)
 A - a +1 pair of gloves (worn)
Jewellery
 o - a cursed ring of teleportation {unknown}
Wands
 u - a wand of scattershot (3)
 v - a wand of random effects (21)
 y - a wand of flame (32)
Scrolls
 d - 2 scrolls of teleportation
 f - a scroll of remove curse
 m - 4 scrolls of enchant armour
 t - 2 scrolls of identify
 w - a scroll of enchant weapon
 x - a scroll of fog
Potions
 c - a potion of ambrosia {unknown}
 g - a potion of might {unknown}
 h - 7 potions of heal wounds
 i - a potion of haste {unknown}
 j - a potion of resistance {unknown}
 k - 5 potions of brilliance {unknown}
 l - a potion of degeneration {unknown}
 n - a potion of berserk rage {unknown}
 p - 4 potions of curing
 q - a potion of agility
Books
 b - a book of Callings

   Spells                             Type                      Level
   a - Summon Small Mammal            Summoning                    1
   b - Call Imp                       Summoning                    2
   c - Call Canine Familiar           Summoning                    3
   d - Summon Guardian Golem          Hexes/Summoning              3
   e - Summon Lightning Spire         Summoning/Air                4
   f - Summon Ice Beast               Ice/Summoning                4
Comestibles
 a - 6 rations


   Skills:
 + Level 8.9 Polearms
 - Level 2.6 Dodging
 - Level 2.1 Stealth
 - Level 4.5 Spellcasting
 + Level 8.8 Summonings


You had 7 spell levels left.
You knew the following spells:

 Your Spells              Type           Power        Failure   Level  Hunger
a - Summon Ice Beast      Ice/Summ       ###.....     56%         4    ####...
b - Call Imp              Summ           ####....     1%          2    ##.....
c - Call Canine Familiar  Summ           ####....     3%          3    ###....


Dungeon Overview and Level Annotations

Branches:
Dungeon (7/15)             Temple (0/1) D:7

Altars:
Ashenzari
Dithmenos
Gozag
Hepliaklqana
Okawaru
Qazlal
Sif Muna
Uskayaw

Shops:
D:7 *%*


Message History

The two-headed ogre is moderately wounded.
Your wolf bites the two-headed ogre but does no damage.
The two-headed ogre closely misses you.
The two-headed ogre hits you with a giant club!
You barely miss the two-headed ogre.
The two-headed ogre is moderately wounded.
Your wolf bites the two-headed ogre but does no damage.
Your wolf barely misses the two-headed ogre.
The two-headed ogre completely misses you.
The two-headed ogre barely misses you.
Your ring mail prevents you from hitting the two-headed ogre.
The two-headed ogre is moderately wounded.
Your wolf disappears in a puff of smoke!
Your crimson imp blinks!
You hit the two-headed ogre.
The two-headed ogre is moderately wounded.
The two-headed ogre hits you with a giant spiked club!!
Ouch! That really hurt!
The two-headed ogre hits you with a giant club!!
You die...

....#######.......##...
.....#.............#..##
......5..............###
............§.......##
...................##
..................##
.....5............#
.#####........#...#
.#..(#.@..###.....#
.#..(#§O.## #.P.P.#
.#####.#...##..>..#
.......###....P.P.# #
..._... ###......# #
......# ##....## #
...### ##....### # ###
#......#### ##.......##


You could see a two-headed ogre, 2 dancing weapons and 2 friendly crimson imps.

Vanquished Creatures
  A sky beast (D:5)
  A necrophage (D:6)
  2 phantoms
  3 bullfrogs (D:6)
  A centaur zombie (D:6)
  2 crimson imps (D:6)
  An orc priest (D:4)
  A hound (D:3)
  5 orc wizards
  A centaur skeleton (D:7)
  An iguana (D:5)
  A worker ant (D:4)
  A gnoll (D:7)
  5 adders
  3 adder skeletons
  2 worms
  A dart slug (D:1)
  3 leopard geckos
  8 orcs
  2 giant cockroaches (D:2)
  6 goblins
  3 hobgoblins
  4 jackals (D:1)
  10 kobolds
  2 quokkas
  A ball python (D:5)
  5 bats
  4 frilled lizards
  A quokka skeleton (D:4)
  2 rats (D:1)
83 creatures vanquished.

Vanquished Creatures (collateral kills)
  The ghost of grom234 the Shield-Bearer, an amateur FoFi of Okawaru (D:4)
  Grinder (D:3)
  A sky beast (D:5)
  An ice beast (D:6)
  A phantom (D:5)
  An ogre (D:4)
  A bullfrog (D:6)
  A gnoll sergeant (D:7)
  A scorpion (D:5)
  A jelly (D:7)
  An orc priest (D:4)
  A bullfrog skeleton (D:5)
  2 iguanas
  An orc wizard (D:5)
  2 worker ants
  2 gnolls (D:7)
  An adder (D:2)
  2 leopard geckos
  8 orcs
  3 goblins
  A hobgoblin (D:1)
  A frilled lizard (D:2)
  A kobold (D:6)
36 creatures vanquished.

Grand Total: 119 creatures vanquished

Notes
Turn   | Place    | Note
-------+----------+-------------------------------------------
     0 | D:1      | Jatast the Merfolk Summoner began the quest for the Orb.
     0 | D:1      | Reached XP level 1. HP: 13/13 MP: 3/3
    83 | D:1      | Reached skill level 1 in Polearms
   124 | D:1      | Reached XP level 2. HP: 17/19 MP: 5/5
   636 | D:1      | Learned a level 2 spell: Call Imp
  1017 | D:1      | Reached XP level 3. HP: 24/24 MP: 6/6
  1180 | D:1      | Learned a level 3 spell: Call Canine Familiar
  2366 | D:3      | Noticed Grinder
  2396 | D:3      | Killed Grinder
  2396 | D:3      | Reached skill level 5 in Polearms
  2396 | D:3      | Reached skill level 5 in Summonings
  2396 | D:3      | Reached XP level 4. HP: 17/30 MP: 1/7
  2396 | D:3      | Reached XP level 5. HP: 20/35 MP: 1/8
  3434 | D:4      | Noticed a phantom
  3455 | D:4      | Noticed grom234's ghost (amateur FoFi)
  3464 | D:4      | Noticed an ogre
  3758 | D:4      | Reached XP level 6. HP: 41/41 MP: 2/9
  4164 | D:4      | Killed a phantom
  4259 | D:4      | Got an iridescent whip
  4260 | D:4      | Identified the cursed +1 whip "Merfolk's Foe" {slash, MP+9} (You found it on level 4 of the Dungeon)
  4912 | D:4      | Killed grom234's ghost
  4912 | D:4      | Reached XP level 7. HP: 22/46 MP: 11/11
  5272 | D:4      | Found a deep blue altar of Sif Muna.
  5294 | D:4      | Became a worshipper of Sif Muna the Loreminder
  5384 | D:4      | Learned a level 4 spell: Summon Ice Beast
  5396 | D:5      | Entered Level 5 of the Dungeon
  6040 | D:5      | Found a shattered altar of Ashenzari.
  6441 | D:5      | Reached * piety under Sif Muna
  6441 | D:5      | Reached XP level 8. HP: 33/52 MP: 14/14
  7380 | D:6      | Found a stormy altar of Qazlal.
  7486 | D:6      | Found an opulent altar of Gozag.
  7570 | D:6      | Found a shadowy altar of Dithmenos.
  7784 | D:6      | Found an iron altar of Okawaru.
  8392 | D:7      | Found Nagolec's Assorted Antiques.
  8411 | D:7      | Found a hazy altar of Hepliaklqana.
  8562 | D:7      | Found Reun's Food Boutique.
  8580 | D:7      | Bought a ration for 50 gold pieces
  8602 | D:7      | Found a staircase to the Ecumenical Temple.
  8634 | D:7      | Found Ubuocof's General Store.
  8969 | D:7      | Noticed a dagger
  8970 | D:7      | Found a hide-covered altar of Uskayaw.
  8971 | D:7      | Noticed a dagger
  8973 | D:7      | Noticed a two-headed ogre
  9117 | D:7      | Slain by a two-headed ogre

Skill      XL: |  1  2  3  4  5  6  7  8 |
---------------+-------------------------+-----
Polearms       | 1 2 5 6 8 |  8.9
Summonings     | 5 6 7 8 |  8.8
Spellcasting   | 4 |  4.5
Dodging        | |  2.6
Stealth        | |  2.1

Action                   |  1- 3 |  4- 6 |  7- 9 || total
-------------------------+-------+-------+-------++-------
Melee: Spear             |   140 |    35 |       ||   175
       Trident           |       |    53 |   138 ||   191
       Whip              |       |    39 |   117 ||   156
 Cast: Summon Small Mamm |     8 |       |       ||     8
       Call Imp          |    13 |    19 |    25 ||    57
       Call Canine Famil |     1 |     6 |    14 ||    21
Invok: Divine Energy     |       |       |     1 ||     1
  Use: Scroll            |       |     8 |     5 ||    13
 Stab: Sleeping          |     4 |     2 |     2 ||     8
       Distracted        |     3 |     1 |       ||     4
  Eat: Chunk             |     4 |       |    10 ||    14
       Ration            |     1 |     2 |     2 ||     5
Armor: Robe              |    29 |       |       ||    29
       Ring mail         |       |    31 |    87 ||   118
Dodge: Dodged            |    81 |    51 |   129 ||   261
